 Dungeon Crawl Stone Soup version 0.25.0-1-g7eea58d (webtiles) character file.

Game seed: 14595807443238215607

277 Gadfly the Magician (level 6, -1/33 HPs)
             Began as a Deep Elf Fire Elementalist on June 14, 2020.
             Slain by a water moccasin zombie (5 damage)
             ... on level 5 of the Dungeon.
             The game lasted 00:10:43 (4284 turns).

Gadfly the Magician (Deep Elf Fire Elementalist)    Turns: 4284, Time: 00:10:43

Health: -1/33      AC:  1    Str:  5    XL:     6   Next: 4%
Magic:  11/15      EV: 14    Int: 22    God:
Gold:   131        SH:  0    Dex: 15    Spells: 2/15 levels left

rFire    . . .     SeeInvis .   m - +1 dagger (venom)
rCold    . . .     Gourm    .   (no shield)
rNeg     . . .     Faith    .   a - +0 robe
rPois    .         Spirit   .   e - -2 helmet (curse)
rElec    .         Reflect  .   (no cloak)
rCorr    .         Harm     .   (no gloves)
MR       .....                  (no boots)
Stlth    ++........             b - amulet of the acrobat
HPRegen  0.11/turn              (no ring)
MPRegen  0.14/turn              (no ring)

@: no status effects
A: no striking features
a: no special abilities


You were on level 5 of the Dungeon.
You were not hungry.

You visited 1 branch of the dungeon, and saw 5 of its levels.

You collected 131 gold pieces.

Inventory:

Hand Weapons
 m - a +1 dagger of venom (weapon)
 n - a +2 dagger of venom
Missiles
 k - 18 poisoned darts (quivered)
Armour
 a - a +0 robe (worn)
 e - a cursed -2 helmet (worn)
Jewellery
 b - an amulet of the acrobat (around neck)
Potions
 d - 3 potions of might
 g - 5 potions of heal wounds
 h - 2 potions of brilliance {unknown}
 i - 3 potions of lignification
 j - a potion of degeneration {unknown}
 l - 2 potions of flight {unknown}
Comestibles
 c - 3 rations
 o - 5 chunks of flesh


   Skills:
 + Level 0.7 Fighting
 * Level 3.9 Dodging
 - Level 2.4 Stealth
 * Level 5.1 Spellcasting
 * Level 3.3 Conjurations
 * Level 4.6 Fire Magic


You had 2 spell levels left.
You knew the following spells:

 Your Spells              Type           Power        Failure   Level  Hunger
a - Foxfire               Conj/Fire      ###.         1%          1    None
b - Conjure Flame         Conj/Fire      ###.....     6%          3    ##.....
c - Sticky Flame          Conj/Fire      ###.....     19%         4    ####...
d - Fireball              Conj/Fire      ###.......   47%         5    #####..

Your spell library contained the following spells:

 Spells                   Type           Power        Failure   Level  Hunger
 Inner Flame              Hex/Fire       ###.....     12%         3    ##.....


Dungeon Overview and Level Annotations

Branches:
Dungeon (6/15)
 Temple: D:4-7

Altars:
Dithmenos
Kikubaaqudgha
Okawaru
Zin

Annotations:
D:6 1 transporter


Message History

The water moccasin zombie is moderately damaged.
The water moccasin zombie bites you!
* * * LOW HITPOINT WARNING * * *
The water moccasin zombie burns!
The water moccasin zombie burns!
Items here: )) ? [[ a +1 vampiric dagger; a +0 ring mail; 2 scrolls labeled AWUTROLABB; a +0 dagger a +0 ring mail The water moccasin zombie burns!
The water moccasin zombie stops burning.
You barely miss the water moccasin zombie.
The water moccasin zombie is severely damaged.
The water moccasin zombie bites you.
* * * LOW HITPOINT WARNING * * *
The water moccasin zombie bites you.
* * * LOW HITPOINT WARNING * * *
You hit the water moccasin zombie.
The water moccasin zombie is severely damaged.
The water moccasin zombie bites you.
You die...

##≈.....#.#
##≈≈.>...#.#
##≈≈...)....#
###≈≈##.....###
≈≈≈≈........#
#.......).###
.####..)## ##
#####.## ##Z.
..##@#
#...#..##Z#
##..#_#.##)#
.....#..##.#
#...$.##.#
#.....))#
#######.# #.#
#.#


You could see a water moccasin zombie.

Vanquished Creatures
  An orc wizard (D:5)
  Jessica (D:2)
  A worker ant (D:6)
  Terence (D:2)
  A hound zombie (D:6)
  A howler monkey skeleton (D:6)
  3 adders
  4 gnolls (D:2)
  A shadow imp (D:5)
  A dart slug (D:1)
  7 orcs (D:5)
  4 bats
  2 giant cockroaches
  7 goblins
  8 hobgoblins
  8 jackals
  A quokka (D:1)
  A ball python (D:2)
  4 frilled lizards
  6 kobolds
  A leopard gecko zombie (D:6)
  9 rats
73 creatures vanquished.

Vanquished Creatures (others)
  131 foxfires
131 creatures vanquished.

Grand Total: 204 creatures vanquished

Notes
Turn   | Place    | Note
-------+----------+-------------------------------------------
     0 | D:1      | Gadfly the Deep Elf Fire Elementalist began the quest for
                  | the Orb.
     0 | D:1      | Reached XP level 1. HP: 10/10 MP: 6/6
   208 | D:1      | Reached XP level 2. HP: 7/15 MP: 6/8
  1411 | D:2      | Reached XP level 3. HP: 19/19 MP: 3/10
  1677 | D:2      | Learned a level 3 spell: Conjure Flame
  1716 | D:2      | Noticed Jessica
  1720 | D:2      | Killed Jessica
  1720 | D:2      | Reached skill level 4 in Spellcasting
  1915 | D:2      | Reached XP level 4. HP: 24/24 MP: 8/12
  2158 | D:2      | Noticed Terence
  2472 | D:2      | Learned a level 4 spell: Sticky Flame
  2495 | D:2      | Killed Terence
  3076 | D:3      | Reached XP level 5. HP: 28/28 MP: 11/13
  3097 | D:3      | Learned a level 5 spell: Fireball
  3706 | D:3      | You fall into a shaft and drop 3 floors!
  3706 | D:6      | Found an ancient bone altar of Kikubaaqudgha.
  3708 | D:6      | Found a shadowy altar of Dithmenos.
  3708 | D:6      | Found a glowing silver altar of Zin.
  4099 | D:6      | Noticed a kobold demonologist
  4105 | D:6      | Found a transporter.
  4105 | D:6      | Noticed a kobold demonologist
  4118 | D:5      | Entered Level 5 of the Dungeon
  4150 | D:5      | Reached skill level 5 in Spellcasting
  4186 | D:5      | Found an iron altar of Okawaru.
  4193 | D:5      | Reached XP level 6. HP: 18/33 MP: 10/15
  4284 | D:5      | Slain by a water moccasin zombie

Illustrated notes

Levels and vault maps discovered:
D:1:      dpeg_arrival_rhombi, layout_basic
D:2:      layout_basic, uniq_terence, uniq_jessica
D:3:      layout_basic, chequers_decorated_corner, minmay_bisected
D:5:      layout_loops_ring, okawaru_metal_pillars_1_2,
          minmay_temple_entry_grid, serial_shops, nicolae_shop_trees,
          water_maze_lemuel
D:6:      gammafunk_wand_slinger, layout_cave_pools, lemuel_round_altar,
          grunt_temple_overflow_open, hangedman_abyss_or_decor_passed

Skill      XL: |  1  2  3  4  5 |
---------------+----------------+-----
Conjurations   | 2 3 |  3.3
Spellcasting   | 4 5 |  5.1
Fire Magic     | 4 |  4.6
Dodging        | 3 |  3.9
Fighting       | |  0.7
Stealth        | |  2.4

Action                   |  1- 3 |  4- 6 || total
-------------------------+-------+-------++-------
Melee: Hand axe          |    13 |       ||    13
       Spear             |    29 |    29 ||    58
       Dagger            |       |    55 ||    55
 Cast: Foxfire           |    47 |    47 ||    94
       Conjure Flame     |     1 |       ||     1
       Sticky Flame      |       |     3 ||     3
  Use: Scroll            |     2 |     8 ||    10
 Stab: Sleeping          |     1 |     6 ||     7
  Eat: Chunk             |     3 |     8 ||    11
Armor: Robe              |     8 |     8 ||    16
Dodge: Dodged            |    51 |    47 ||    98
